 Dungeon Crawl Stone Soup version 0.17-a0-737-gf0a300a (webtiles) character file.

204 Ngotmuk the Shield-Bearer (level 5, -2/49 HPs)
             Began as a Deep Dwarf Fighter on Apr 26, 2015.
             Slain by Ngotmuk's ghost (11 damage)
             ... on level 4 of the Dungeon.
             The game lasted 00:05:23 (2141 turns).

Ngotmuk the Shield-Bearer (Deep Dwarf Fighter)      Turns: 2141, Time: 00:05:23

Health: -2/49      AC: 10    Str: 20    XL:     5   Next: 52%
Magic:  5/5        EV:  8    Int:  9    God:
Gold:   154        SH:  9    Dex: 12    Spells: 0 memorised, 4 levels left

rFire  . . .     SeeInvis .     a - +0 war axe
rCold  . . .     Clarity  .     b - +0 scale mail
rNeg   . . .     SustAb   .     c - +0 shield
rPois  .         Gourm    .     t - +1 helmet
rElec  .         Spirit   .     (no cloak)
rCorr  .         Warding  .     l - +0 pair of gloves
rMut   .         Stasis   .     (no boots)
MR     .....                    (no amulet)
Stlth  ..........               (no ring)
                                (no ring)

@: non-regenerating, not resistant to hostile enchantments, extremely unstealthy
A: damage resistance, recharge devices, sense surroundings 1, slow healing 3
a: Device Recharging


You were on level 4 of the Dungeon.
You were not hungry.

You visited 1 branch of the dungeon, and saw 4 of its levels.

You collected 154 gold pieces.

Inventory:

Hand weapons
 a - a +0 war axe (weapon)
Armour
 b - a +0 scale mail (worn)
 c - a +0 shield (worn)
 l - a +0 pair of gloves (worn)
 t - a +1 helmet (worn)
Jewellery
 y - an uncursed amulet of resist mutation
Magical devices
 e - a wand of heal wounds (3)
 v - a wand of random effects (15)
 A - a wand of draining (4)
Scrolls
 g - 6 scrolls of identify {unknown}
 h - a scroll of recharging {unknown}
 k - a scroll of immolation {unknown}
 n - a scroll of blinking {unknown}
 p - 2 scrolls of fog {unknown}
 q - 2 scrolls of enchant weapon {unknown}
 s - a scroll of random uselessness {unknown}
 u - 2 scrolls of remove curse {unknown}
 w - 2 scrolls of fear {unknown}
Potions
 d - a potion of might
 j - a potion of ambrosia {unknown}
 m - 2 potions of curing {unknown}
 o - a potion of heal wounds {unknown}
 r - a potion of flight {unknown}
 x - a potion of berserk rage {unknown}
 z - a potion of lignification {unknown}
Comestibles
 f - 7 bread rations
 i - 2 beef jerkies


   Skills:
 + Level 3.2 Fighting
 * Level 4.0 Axes
 + Level 4.1 Armour
 + Level 1.9 Dodging
 + Level 4.4 Shields


You had 4 spell levels left.
You didn't know any spells.

Dungeon Overview and Level Annotations

Branches:
Dungeon (4/15)
 Temple: D:4-7

Altars:
Yredelemnul

Annotations:
D:4 Ngotmuk's ghost, average DDFi


Innate Abilities, Weirdness & Mutations

You are resistant to damage.
You can recharge devices by infusing magical energy.
You passively map a small area around you.
You do not heal naturally.


Message History

* * * LOW HITPOINT WARNING * * *
Ngotmuk's ghost completely misses you.
You hit Ngotmuk's ghost.
Ngotmuk's ghost is moderately damaged.
Ngotmuk's ghost hits you.
A jackal comes into view.
You hit Ngotmuk's ghost.
Ngotmuk's ghost is moderately damaged.
Your shield prevents you from hitting the kobold.
The kobold unwields an uncursed blowgun.
The kobold closely misses you. You block Ngotmuk's ghost's attack.
The kobold hits you.
* * * LOW HITPOINT WARNING * * *
A jackal comes into view.
The jackal barks!
You hit Ngotmuk's ghost but do no damage.
Ngotmuk's ghost is moderately damaged.
You barely miss the kobold. You block Ngotmuk's ghost's attack.
The kobold hits you but does no damage. Ngotmuk's ghost hits you!
You die...

# ###### # , ... ,
,......,. * ##.#.#* * ,
....#.### , .....# ,
..#.#.... .....#
#########h#....# , .....#
#......##>#..[.#* * .#*###
#......##.#....#... , .#
#.# #....†.#.hK....'...
.###.###[)....(W@#!...#...
...#.....#.#####.#....# 8
.#.#.####### #......#
.......# * [###...#
......## ,. ..... ...#.##*
,* ..* #### ,* ##.### ..
#..#* * ... , ...#* * #


You could see Ngotmuk's ghost, 2 jackals and a kobold.

Vanquished Creatures
  A giant frog skeleton (D:3)
  A hound (D:4)
  An iguana (D:4)
  Robin (D:3)
  3 adders
  An ooze (D:3)
  A worm (D:2)
  12 goblins
  11 hobgoblins
  11 jackals (D:1)
  11 bats
  5 giant cockroaches
  2 giant newts
  8 kobolds
  8 rats
77 creatures vanquished.

Notes
Turn   | Place    | Note
--------------------------------------------------------------
     0 | D:1      | Ngotmuk, the Deep Dwarf Fighter, began the quest for the Orb.
     0 | D:1      | Reached XP level 1. HP: 20/20 MP: 1/1
   146 | D:1      | Reached XP level 2. HP: 25/27 MP: 2/2
   688 | D:1      | Reached XP level 3. HP: 25/33 MP: 3/3
   832 | D:2      | Found a runed door.
   832 | D:2      | Noticed a human
   841 | D:2      | Found a basalt altar of Yredelemnul.
  1451 | D:3      | Noticed Robin
  1466 | D:3      | Reached skill level 4 in Shields
  1466 | D:3      | Reached XP level 4. HP: 31/40 MP: 4/4
  1478 | D:3      | Killed Robin
  1478 | D:3      | Reached skill level 1 in Dodging
  1674 | D:3      | Reached XP level 5. HP: 9/49 MP: 5/5
  2110 | D:4      | Noticed Ngotmuk's ghost (average DDFi)
  2141 | D:4      | Slain by Ngotmuk's ghost

Action                   |  1- 3 |  4- 6 || total
-------------------------+-------+-------++-------
Melee: War axe           |   153 |    99 ||   252
Evoke: Wand              |     1 |     1 ||     2
  Eat: Beef jerky        |     1 |       ||     1
       Pizza             |       |     1 ||     1
       Meat ration       |       |     1 ||     1
